 Dungeon Crawl Stone Soup version 0.19.1 (webtiles) character file.

16132 Philogelos the Bludgeoner (level 12, -19/103 HPs)
             Began as a Minotaur Berserker on Dec 1, 2016.
             Was a High Priest of Trog.
             Demolished by an orc warrior
             ... wielding a cursed +0 glaive
             ... led by an orc knight
              (26 damage)
             ... on level 2 of the Orcish Mines on Dec 5, 2016.
             The game lasted 01:16:00 (9598 turns).

Philogelos the Bludgeoner (Minotaur Berserker)      Turns: 9598, Time: 01:16:02

Health: -19/103    AC: 17    Str: 23    XL:     12   Next: 7%
Magic:  0/20       EV:  8    Int:  5    God:    Trog [*****.]
Gold:   708        SH:  0    Dex: 13    Spells: 0 memorised, 11 levels left

rFire  . . .     SeeInvis .     t - +1 dire flail
rCold  . . .     Gourm    .     g - +0 plate armour
rNeg   . . .     Faith    .     (shield currently unavailable)
rPois  .         Spirit   +     (helmet restricted)
rElec  .         Reflect  .     l - +0 cloak
rCorr  .         Harm     .     (no gloves)
MR     ++...                    (no boots)
Stlth  ..........               h - amulet of guardian spirit
                                (no ring)
                                D - ring of magical power

@: regenerating
A: retaliatory headbutt, horns 2
a: Berserk, Trog's Hand, Brothers in Arms, Burn Spellbooks, Renounce Religion


You were on level 2 of the Orcish Mines.
You worshipped Trog.
Trog was extremely pleased with you.
You were not hungry.

You visited 3 branches of the dungeon, and saw 14 of its levels.

You collected 822 gold pieces.
You spent 114 gold pieces at shops.

Inventory:

Hand Weapons
 t - a +1 dire flail (weapon)
 y - a +1 flail of crushing
 L - a +1 flail of protection
 N - a +3 mace of freezing
Missiles
 B - 19 tomahawks (quivered)
 C - a steel tomahawk
Armour
 g - a +0 plate armour (worn)
 l - a +0 cloak (worn)
 q - +0 steam dragon scales
Jewellery
 h - an amulet of guardian spirit (around neck)
 D - a ring of magical power (left hand)
 M - an uncursed ring of ice
Wands
 b - a wand of confusion (10/48)
 u - a wand of disintegration (0/24)
 w - a wand of digging (10/24)
 G - a wand of hasting (2/9)
 H - a wand of random effects (35/48)
Scrolls
 d - a scroll of enchant armour
 e - 2 scrolls of enchant weapon
 i - 3 scrolls of blinking
 k - a scroll of magic mapping {unknown}
 n - 3 scrolls of teleportation
 s - a scroll of noise {unknown}
 x - 2 scrolls of remove curse
 F - a scroll of immolation {unknown}
 J - a scroll of acquirement {unknown}
Potions
 f - a potion of mutation {unknown}
 p - 4 potions of haste
 r - a potion of flight
 v - 3 potions of lignification
 z - 2 potions of invisibility
 A - a potion of curing
 E - a potion of degeneration {unknown}
Books
 K - a book of Flames

   Spells                             Type                      Level
   a - Flame Tongue                   Conjuration/Fire             1
   b - Throw Flame                    Conjuration/Fire             2
   c - Conjure Flame                  Conjuration/Fire             3
   d - Inner Flame                    Hexes/Fire                   3
   e - Sticky Flame                   Conjuration/Fire             4
   f - Fireball                       Conjuration/Fire             5
   Trog disapproves of the use of such an item.
Comestibles
 a - 2 royal jellies
 c - 4 bread rations
 j - 8 slices of pizza
 m - 4 meat rations
 o - 7 fruits
 I - 3 beef jerkies


   Skills:
 * Level 8.4 Fighting
 + Level 16.5 Maces & Flails
 * Level 13.9 Armour
 - Level 2.1 Dodging


You had 11 spell levels left.
You didn't know any spells.

Dungeon Overview and Level Annotations

Branches:
Dungeon (11/15)            Temple (1/1) D:6            Lair (0/6) D:8
    Orc (2/2) D:9             Elf (0/3) Orc:2

Altars:
Ashenzari
Cheibriados
Dithmenos
Elyvilon
Fedhas
Gozag
Hepliaklqana
Kikubaaqudgha
Makhleb
Nemelex Xobeh
Okawaru
Qazlal
Ru
Sif Muna
Trog
Uskayaw
Vehumet
Xom
Yredelemnul
Zin
The Shining One

Shops:
D:4 ?   D:10 =

Annotations:
D:9 Maurice


Innate Abilities, Weirdness & Mutations

You reflexively headbutt those who attack you in melee.
You have a pair of horns on your head.


Message History

Trog accepts your kill.
The orc knight roars a battlecry!
The orcs go into a battle-frenzy!
Throwing (i - inventory. (,) - cycle):
B - 20 tomahawks (quivered)
Press: ? - help, Shift-Dir - straight line, f - orc knight
Aim: an orc knight, wielding a halberd and wearing a chain mail You throw a tomahawk.
The tomahawk hits the orc knight but does no damage.
Your skin crawls.
You feel resistant to hostile enchantments.
You feel somewhat more hungry.
The orc knight hits you from afar with a halberd.
The orc wizard gestures at you while chanting.
The puff of flame hits you!
The orc warrior hits you from afar with a glaive!!
* * * LOW HITPOINT WARNING * * *
The orc knight hits you with a halberd!!
* * * LOW HITPOINT WARNING * * *
The orc warrior hits you from afar with a glaive!!
You die...

....<.).)##..........
........................
........................
....<...................
........................
........................
..................o.....
.........>.......oo.....
...............#@o..#..
........................
.......................#
......<................
..#.###..............#
## #.#.$..........#
#...#............
##.#..........<.#
####.#........#


You could see an orc knight, 2 orc warriors and an orc wizard.

Vanquished Creatures
  An ettin (Orc:1)
  Fannar (D:10)
  Erolcha (D:9)
  An unseen horror (D:11)
  2 centaur zombies (D:10)
  A manticore (D:10)
  4 trolls
  The ghost of Philosophy the Chopper, an amateur HOFi (D:4)
  2 hornets
  A two-headed ogre (D:9)
  2 hippogriffs
  Sigmund (D:2)
  2 wyverns
  2 wraiths (D:10)
  4 hogs (D:8)
  A human (D:8)
  14 yaks
  A steam dragon (D:10)
  A warg (Orc:2)
  A mottled dragon (D:9)
  Edmund (D:5)
  A water moccasin (D:9)
  2 hell hounds (D:8)
  A hornet zombie (D:10)
  A phantom (D:6)
  3 ice beasts
  A black bear (D:7)
  7 ogres
  12 orc warriors
  2 necrophages (D:10)
  2 centaurs
  A big kobold (D:8)
  10 bullfrogs
  Blork the orc (D:5)
  A wyvern zombie (D:7)
  2 scorpions
  A water moccasin skeleton (D:4)
  A troll zombie (D:10)
  4 wights (D:10)
  2 howler monkeys
  5 crimson imps
  2 bullfrog zombies
  2 jellies
  2 human zombies (D:10)
  10 orc priests
  Crazy Yiuf (D:2)
  22 orc wizards
  A gnoll shaman (D:5)
  A bullfrog skeleton (D:10)
  A centaur skeleton (D:8)
  5 iguanas
  A human skeleton (D:10)
  11 worker ants
  Terence (D:2)
  A hound skeleton (D:10)
  A howler monkey zombie (D:7)
  3 gnolls (D:5)
  11 adders
  2 shadow imps
  An adder skeleton (D:4)
  An adder zombie (D:8)
  2 worms (D:2)
  6 leopard geckos
  51 orcs
  4 bats
  2 goblins (D:1)
  8 hobgoblins
  3 jackals (D:1)
  4 quokkas
  5 ball pythons
  A ball python skeleton (D:4)
  5 frilled lizards
  13 kobolds
  A leopard gecko skeleton (D:9)
  An orc zombie (D:10)
  A quokka skeleton (D:5)
  3 rats
295 creatures vanquished.

Vanquished Creatures (collateral kills)
  2 orc warriors (D:9)
  2 orc wizards (D:9)
  2 orcs (D:9)
6 creatures vanquished.

Grand Total: 301 creatures vanquished

Notes
Turn   | Place    | Note
-------+----------+-------------------------------------------
     0 | D:1      | Philogelos the Minotaur Berserker began the quest for the Orb.
     0 | D:1      | Reached XP level 1. HP: 19/19 MP: 0/0
    78 | D:1      | Reached skill level 4 in Maces & Flails
   104 | D:1      | Reached XP level 2. HP: 25/26 MP: 1/1
   323 | D:1      | Reached ** piety under Trog
   338 | D:1      | Reached skill level 5 in Maces & Flails
   674 | D:2      | Noticed Sigmund
   685 | D:2      | Killed Sigmund
   685 | D:2      | Reached skill level 7 in Maces & Flails
   685 | D:2      | Reached XP level 3. HP: 16/31 MP: 2/2
   685 | D:2      | Reached XP level 4. HP: 21/39 MP: 3/3
   685 | D:2      | Reached XP level 5. HP: 24/45 MP: 4/4
   904 | D:2      | Found a runed door.
  1012 | D:2      | Noticed Terence
  1026 | D:2      | Killed Terence
  1086 | D:2      | Reached skill level 8 in Maces & Flails
  1282 | D:2      | Noticed Crazy Yiuf
  1289 | D:2      | Killed Crazy Yiuf
  1289 | D:2      | Reached XP level 6. HP: 51/51 MP: 5/5
  2025 | D:4      | Reached skill level 9 in Maces & Flails
  2126 | D:4      | Noticed Philosophy's ghost (amateur HOFi)
  2139 | D:4      | Killed Philosophy's ghost
  2139 | D:4      | Reached skill level 10 in Maces & Flails
  2139 | D:4      | Reached XP level 7. HP: 29/57 MP: 6/6
  2427 | D:4      | Found Qoax's Magic Scroll Shop.
  2433 | D:4      | Bought a scroll of fog for 24 gold pieces
  2433 | D:4      | Bought a scroll of blinking for 90 gold pieces
  2517 | D:4      | Reached *** piety under Trog
  2518 | D:4      | Found a shadowy altar of Dithmenos.
  2855 | D:5      | Entered Level 5 of the Dungeon
  2928 | D:5      | Noticed Edmund
  2940 | D:5      | Killed Edmund
  2940 | D:5      | Reached skill level 11 in Maces & Flails
  3093 | D:5      | Reached XP level 8. HP: 60/64 MP: 7/7
  3103 | D:5      | Noticed Blork the orc
  3115 | D:5      | Killed Blork the orc
  3477 | D:6      | Reached skill level 12 in Maces & Flails
  3546 | D:6      | Reached skill level 13 in Maces & Flails
  3786 | D:6      | Found a staircase to the Ecumenical Temple.
  3795 | Temple   | Entered the Ecumenical Temple
  3976 | D:7      | Reached skill level 5 in Armour
  4051 | D:7      | Reached XP level 9. HP: 52/70 MP: 8/8
  4115 | D:7      | Reached **** piety under Trog
  4119 | D:7      | Received a gift from Trog
  4750 | D:8      | Reached skill level 14 in Maces & Flails
  4830 | D:8      | Found a staircase to the Lair.
  5351 | D:8      | Reached XP level 10. HP: 63/77 MP: 9/9
  5992 | D:9      | Reached ***** piety under Trog
  5992 | D:9      | Reached skill level 10 in Armour
  6238 | D:9      | Reached skill level 15 in Maces & Flails
  6357 | D:9      | Noticed Erolcha
  6564 | D:9      | Killed Erolcha
  6822 | D:9      | Noticed Maurice
  7207 | D:9      | Found a staircase to the Orcish Mines.
  7247 | D:9      | Reached XP level 11. HP: 46/82 MP: 10/10
  7289 | D:10     | Entered Level 10 of the Dungeon
  7301 | D:10     | Found a hide-covered altar of Uskayaw.
  7517 | D:10     | Reached skill level 16 in Maces & Flails
  7710 | D:10     | Reached skill level 5 in Fighting
  7951 | D:10     | Found Osadd's Jewellery Shoppe.
  8148 | D:10     | Noticed Fannar
  8186 | D:10     | Killed Fannar
  8187 | D:10     | Found a basalt altar of Yredelemnul.
  8811 | D:11     | Killed an unseen horror
  8908 | Orc:1    | Entered Level 1 of the Orcish Mines
  9259 | Orc:1    | Noticed an ettin
  9269 | Orc:1    | HP: 6/141 [ettin/dire flail (20)]
  9271 | Orc:1    | Killed an ettin
  9271 | Orc:1    | Reached XP level 12. HP: 4/102 MP: 1/11
  9550 | Orc:2    | Entered Level 2 of the Orcish Mines
  9550 | Orc:2    | Found a staircase to the Elven Halls.
  9598 | Orc:2    | Demolished by an orc warrior

Skill      XL: |  1  2  3  4  5  6  7  8  9 10 11 |
---------------+----------------------------------+-----
Maces & Flails | 4 7 8 10 11 13 14 15 16 | 16.5
Armour         | 5 9 12 13 | 13.9
Fighting       | 8 |  8.4
Dodging        | |  2.1

Action                   |  1- 3 |  4- 6 |  7- 9 | 10-12 || total
-------------------------+-------+-------+-------+-------++-------
Melee: Mace              |    48 |    27 |       |       ||    75
       Headbutt          |    11 |    15 |    57 |   134 ||   217
       Flail             |       |    80 |   292 |   583 ||   955
       Morningstar       |       |       |       |    16 ||    16
       Dire flail        |       |       |       |    22 ||    22
Throw: Tomahawk          |       |       |     1 |    18 ||    19
Invok: Burn Spellbooks   |       |       |     2 |       ||     2
       Trog's Hand       |       |       |     2 |     6 ||     8
       Berserk           |       |       |     1 |     3 ||     4
       Brothers in Arms  |       |       |       |     3 ||     3
Evoke: Wand              |       |       |     3 |       ||     3
  Use: Scroll            |       |     7 |     8 |     3 ||    18
       Potion            |       |       |       |     6 ||     6
  Eat: Chunk             |       |     4 |     7 |    13 ||    24
       Bread ration      |       |       |     1 |     2 ||     3
Armor: Animal skin       |     4 |       |       |       ||     4
       Leather armour    |     8 |     3 |       |       ||    11
       Chain mail        |       |    32 |    98 |       ||   130
       Scale mail        |       |     2 |       |       ||     2
       Plate armour      |       |       |    39 |   263 ||   302
Dodge: Dodged            |    19 |    36 |   103 |   156 ||   314
